AoeStats
← dashuaibi

Pilgrims

507675914Analyzed
4v4 RM · 14d ago on Sep 19, 2026· 18m 24s· 8 players
Game mode
Random Map
Map size
Large (8 player)
Population
200
Speed
Normal
Resources
Standard
Victory
Conquest
Starting age
Dark Age
Ending age
Imperial Age
RankedLock teamsTeams togetherTeam positionsShared explorationLock speedFull tech treeHidden civsTurbo modeCheats
Victory
Defeat
🇹🇼 Dravidians · Taiwan
1432
+13
🇩🇪 Khmer · Germany
1321
+17
🇨🇿 Italians · Czechia
1320
+17
🇮🇹 Vikings · Italy
1293
+20
🇭🇰 Berbers · Hong Kong SAR China
1377
-18
🇨🇳 Cumans · China
1361
-17
🇨🇳 Lithuanians · China
1352
-17
🇨🇳 Franks · China
1322
-15
dashuaibi
5:52 Loom
14:19 Feudal Age
15:59 Double-Bit Axe
15:56 Horse Collar
小帅shuai
4:45 Loom
12:19 Feudal Age
12:53 Fishing Lines
12:46 Man-at-Arms
13:46 Man-at-Arms
19:23 Castle Age
418436883
3:02 Loom
13:09 Feudal Age
18:59 Castle Age
17:50 Double-Bit Axe
17:56 Fishing Lines
crazy ant
3:00 Loom
11:13 Feudal Age
16:43 Castle Age
14:57 Fletching
15:35 Double-Bit Axe
16:30 Town Watch
17:53 Bodkin Arrow
Tonytony_Chopper
11:51 Feudal Age
14:09 Loom
16:43 Castle Age
14:56 Double-Bit Axe
15:12 Fletching
17:45 Bodkin Arrow
Kowalski
10:16 Feudal Age
10:11 Loom
10:57 Loom
11:20 Double-Bit Axe
16:11 Castle Age
17:08 Medium Warships
17:22 Bow Saw
Bizzy
5:10 Loom
10:54 Feudal Age
14:01 Castle Age
12:04 Double-Bit Axe
13:55 Gold Mining
偷偷
5:33 Loom
12:56 Feudal Age
14:19 Gold Mining
15:35 Double-Bit Axe
15:49 Fishing Lines
20:09 Castle Age
18:11 Stone Mining
Connection lost

Rejoining the realm…

Still unreachable

The connection could not be restored.

Session expired

The server has moved on; the page needs a fresh start.